 Dungeon Crawl Stone Soup version 0.30-a0-918-g0ff054e9dc (webtiles) character file.

Game seed: 1980371934624111931

152 Dirtsage the Ruffian (level 5, -4/61 HPs)
             Began as a Demonspawn Berserker on Mar 20, 2023.
             Was a Believer of Trog.
             Killed from afar by an orc wizard (10 damage)
             ... with a puff of flame
             ... on level 4 of the Dungeon.
             The game lasted 00:05:48 (2830 turns).

Dirtsage the Ruffian (Demonspawn Berserker)         Turns: 2830, Time: 00:05:49

Health: -4/61      AC:  8    Str: 17 (19) XL:     5   Next: 11%
Magic:  5/5        EV:  7    Int:  4 (6)  God:    Trog [**....]
Gold:   24         SH:  0    Dex: 10 (13) Spells: 4/4 levels left

rFire   . . .      SeeInvis .    a - +0 hand axe
rCold   . . .      Faith    .    (no shield)
rNeg    . . .      Spirit   .    r - +0 chain mail "Kiaddu Loosh" {-Cast Rampage rPois Stlth+}
rPois   +          Reflect  .    (helmet restricted)
rElec   .          Rampage  +    (no cloak)
rCorr   .          NoCast   +    (no gloves)
Will    ++...                    (no boots) Stlth
                                 (no amulet)
HPRegen 1.30/turn                (no ring)
MPRegen 0.09/turn                (no ring)

@: brilliant, berserking, strong-willed, regenerating, very quick
A: antennae 2, hooves 2, dopey 1
a: Renounce Religion, Berserk, Trog's Hand


You were on level 4 of the Dungeon.
You worshipped Trog.
Trog was pleased with you.
You visited 1 branch of the dungeon, and saw 4 of its levels.

You collected 162 gold pieces.
You spent 138 gold pieces at shops.

Inventory:

Hand Weapons
 a - a +0 hand axe (weapon)
Armour
 b - a +0 animal skin
 g - a +0 leather armour
 l - a +0 ring mail
 m - a +0 chain mail
 r - the +0 chain mail "Kiaddu Loosh" (worn) {-Cast Rampage rPois Stlth+}
   (You bought it in a shop on level 1 of the Dungeon)

   rPois:     It protects you from poison.
   -Cast:     It prevents spellcasting.
   Rampage:   It bestows one free step when moving towards enemies.
   Stlth:     It makes you more stealthy.
Wands
 n - a wand of mindburst (6)
Scrolls
 c - a scroll of blinking {unknown}
 d - 2 scrolls of teleportation {unknown}
 e - a scroll of fog {unknown}
 f - 3 scrolls of identify {unknown}
 h - 2 scrolls of poison {unknown}
 i - 2 scrolls of fear {unknown}
 q - a scroll of immolation {unknown}
Potions
 k - a potion of haste {unknown}
 p - a potion of mutation


   Skills:
 - Level 3.0 Fighting
 - Level 3.2 Axes
 - Level 1.7 Armour
 - Level 1.7 Dodging
 * Level 4.0 Unarmed Combat


You had 4 spell levels left.
You didn't know any spells.
Your spell library was empty.

Dungeon Overview and Level Annotations

Branches:
Dungeon (4/15)
 Temple: D:4-7

Altars:

Shops:
D:1 [(:*[


Innate Abilities, Weirdness & Mutations

You have a pair of antennae on your head.
You have hoof-like feet.
You are dopey. (Int -2)


Message History

You feel clever all of a sudden. The orc hits you but does no damage.
It was a potion of degeneration.
There was something very wrong with that liquid.
You feel weakened.
You feel dopey.
You feel clumsy.
You feel less confused.
The orc priest hits you with a +0 short sword.
The orc hits you but does no damage.
You take 3 damage, and have 17/41 hp.
Your skin crawls.
You feel strong-willed. The orc priest barely misses you.
The orc wizard hits you with a +0 dagger.
The orc hits you with a +0 flail.
You take 4 damage, and have 13/41 hp.
A red film seems to cover your vision as you go berserk!
You feel yourself moving faster!
You feel mighty!
The orc wizard hits you but does no damage.
The orc completely misses you.
The orc wizard hits you with a +0 dagger.
You now have 19/61 hp.
Something unexpectedly blocked you, preventing you from rampaging!
You slash something! Your kick misses something.
You barely miss the orc wizard. You hit the orc. You hit the orc wizard.
You completely miss the orc priest.
The orc priest mumbles some strange prayers to Beogh against you.
Beogh smites you!
* * * LOW HITPOINT WARNING * * *
Something hits you but does no damage.
The orc wizard hits you but does no damage.
The orc hits you but does no damage. The orc wizard barely misses you.
You take 14 damage, and have 5/61 hp.
MASSIVE DAMAGE!!
Something unexpectedly blocked you, preventing you from rampaging!
You miss something. Your kick misses something. You slash the orc!
You kill the orc!
Trog accepts your kill.
You hit the orc wizard. You hit the orc priest. You hit the orc wizard.
The orc wizard points at you and mumbles some strange words.
The puff of flame hits you!
You die...

#..#.#.#......# .
#............####..
......##.......#..<.
......#....[........
....................
..##....##...##...
#.....##....#.#
...............#
.........o@)....#.
........ho{o......
..
#.........B##.....
##.
........?........
#.. .......#........
... .......##.......
#. #...... ...h...
#. #..##.. .......
## .. .. ....... #.


You could see a hound, an orc priest, 2 orc wizards and a giant cockroach.

Vanquished Creatures
  A hound (D:4)
  3 adders
  2 ufetubi
  2 worms
  A dart slug (D:2)
  6 orcs
  4 ball pythons
  3 bats
  5 endoplasms
  5 giant cockroaches
  12 goblins
  10 hobgoblins
  4 quokkas
  A frilled lizard (D:2)
  3 kobolds
  6 rats
68 creatures vanquished.

Notes
Turn   | Place    | Note
-------+----------+-------------------------------------------
     0 | D:1      | Dirtsage the Demonspawn Berserker began the quest for the
                  | Orb.
     0 | D:1      | Reached XP level 1. HP: 18/18 MP: 1/1
   124 | D:1      | Found Guggecze's Book Shoppe.
   285 | D:1      | Found a faded altar of an unknown god.
   355 | D:1      | Found Qostrode's Weapon Shoppe.
   399 | D:1      | Discovered your monstrous ancestry.
   399 | D:1      | Gained mutation: You have a pair of small antennae on your
                  | head. [demonic ancestry]
   399 | D:1      | Reached XP level 2. HP: 21/24 MP: 2/2
   567 | D:1      | Found Vacwienk's Armour Emporium.
   628 | D:1      | Found Qezu's Armour Boutique.
   715 | D:1      | Found Teleshro's General Store.
   941 | D:2      | Reached skill level 1 in Unarmed Combat
   968 | D:2      | Gained mutation: You have large cloven feet. [demonic
                  | ancestry]
   968 | D:2      | Reached XP level 3. HP: 20/29 MP: 3/3
  1062 | D:2      | Reached skill level 2 in Unarmed Combat
  1416 | D:2      | Reached ** piety under Trog
  1556 | D:2      | Gained mutation: You have a pair of antennae on your head.
                  | [demonic ancestry]
  1556 | D:2      | Reached XP level 4. HP: 35/35 MP: 4/4
  1816 | D:3      | Reached skill level 3 in Unarmed Combat
  2636 | D:4      | Gained mutation: You have hoof-like feet. [demonic
                  | ancestry]
  2636 | D:4      | Reached XP level 5. HP: 31/41 MP: 5/5
  2712 | D:1      | Bought the +0 chain mail "Kiaddu Loosh" {-Cast Rampage
                  | rPois Stlth+} for 138 gold pieces
  2808 | D:4      | Reached skill level 4 in Unarmed Combat
  2824 | D:4      | Gained mutation: You are dopey. (Int -2) [potion of
                  | mutation]
  2830 | D:4      | Killed from afar by an orc wizard

Illustrated notes

Levels and vault maps discovered:
D:1:      dpeg_arrival_windows_large_door, layout_loops_ring, serial_shops,
          nicolae_shop_stone, nicolae_lakefront_shop, nicolae_lakefront_shop,
          nicolae_shop_behind_doors, nicolae_shop_advertising_works
          [nicolae_subvault_shop_adworks], shapermc_ecumenical_altar_mp_vishouse
D:2:      minmay_evil_eye, layout_rooms, st_stairs_4, minmay_goblin_kobold_house
D:3:      layout_loops_corners
D:4:      layout_cave_pools, serial_glass, glass_columns_a, glass_columns_a,
          serial_shops, nicolae_take_the_stairs, nicolae_lakefront_shop,
          nicolae_shop_bloodbath_and_beyond, gammafunk_ghost_split,
          uniq_menkaure

Skill      XL: |  1  2  3  4  5 |
---------------+----------------+-----
Axes           | 3 |  3.2
Unarmed Combat | 1 2 3 4 |  4.0
Fighting       | |  3.0
Armour         | |  1.7
Dodging        | |  1.7

Action                     |  1- 3 |  4- 6 || total
---------------------------+-------+-------++-------
  Melee: Hand axe          |    95 |    88 ||   183
         Kick              |    14 |    19 ||    33
         Punch             |     1 |     2 ||     3
 Invoke: Berserk           |     1 |     1 ||     2
         Trog's Hand       |       |     1 ||     1
    Use: Potion            |       |     3 ||     3
 Armour: Leather armour    |    10 |       ||    10
         Ring mail         |    18 |       ||    18
         Chain mail        |     8 |    53 ||    61
  Dodge: Dodged            |    59 |    35 ||    94

Table legend: (Time is in decaauts)
 A = Elapsed time spent in this place.
 B = Non-inter-level travel time spent in this place.
 C = Inter-level travel time spent in this place.
 D = Time resting spent in this place.
 E = Time spent auto-exploring this place.
 F = Levels seen in this place.
 G = Mean time per level.
                   A        B        C        D        E       F      G
               +--------+--------+--------+--------+--------+-----+--------+
         Total |   2866 |   2639 |    227 |    337 |   1829 |   4 |  716.5 |
       Dungeon |   2866 |   2639 |    227 |    337 |   1829 |   4 |  716.5 |
               +--------+--------+--------+--------+--------+-----+--------+

Top non-repeatable levels by time:
     D:1: 961 daAuts
     D:3: 959 daAuts
     D:2: 870 daAuts
     D:4: 74 daAuts
